 Dungeon Crawl Stone Soup version 0.20.1-1-g8b1a95d (webtiles) character file.

3434 mopl the Quickloader (level 10, -17/78 (79) HPs)
             Began as a Formicid Wanderer on Sept 16, 2017.
             Was a Follower of Okawaru.
             Demolished by an orc warrior
             ... wielding a +0 battleaxe
              (25 damage)
             ... on level 9 of the Dungeon.
             The game lasted 00:18:46 (8369 turns).

mopl the Quickloader (Formicid Wanderer)            Turns: 8369, Time: 00:18:46

HP:   -17/78 (79)   AC: 13    Str: 19    XL:     10   Next: 25%
MP:   13/13         EV:  6    Int: 11    God:    Okawaru [*.....]
Gold: 162           SH:  5    Dex: 12    Spells: 9/9 levels left

rFire    . . .     SeeInvis +   b - +0 shortbow
rCold    . . .     Gourm    .   B - +0 buckler
rNeg     + . .     Faith    .   X - +0 plate armour
rPois    +         Spirit   .   (helmet unavailable)
rElec    .         Reflect  .   (no cloak)
rCorr    .         Harm     .   (no gloves)
MR       +....                  (no boots)
Stlth    ..........             (no amulet)
Regen    0.3/turn               e - ring of positive energy
MPRegen  0.2/turn               I - ring of poison resistance

@: no status effects
A: permanent stasis, dig shafts and tunnels, four strong arms, antennae 3
a: Dig, Shaft Self, Heroism, Renounce Religion


You were on level 9 of the Dungeon.
You worshipped Okawaru.
Okawaru was aware of your devotion.
You were not hungry.

You visited 2 branches of the dungeon, and saw 10 of its levels.

You collected 484 gold pieces.
You spent 322 gold pieces at shops.

Inventory:

Hand Weapons
 a - a +0 arbalest
 b - a +0 shortbow (weapon)
 c - a +0 hand crossbow
Missiles
 d - 51 arrows (quivered)
 i - 30 poisoned needles
 C - 5 needles of sleeping
 E - 3 tomahawks
 O - 4 bolts
Armour
 B - a +0 buckler (worn)
 X - a +0 plate armour (worn)
Jewellery
 e - a ring of positive energy (left hand)
 F - an uncursed ring of fire
 I - a ring of poison resistance (right hand)
Wands
 n - a wand of random effects (21/48)
 V - a wand of scattershot (3/9)
Scrolls
 j - a scroll of fear {unknown}
 l - 12 scrolls of teleportation
 q - 2 scrolls of immolation {unknown}
 s - a scroll of identify
 u - 2 scrolls of recharging {unknown}
 v - 3 scrolls of enchant armour {unknown}
 x - 4 scrolls of remove curse
 y - a scroll of amnesia {unknown}
 G - a scroll of blinking {unknown}
 J - a scroll of acquirement {unknown}
 L - a scroll of torment {unknown}
 P - a scroll of silence {unknown}
 S - a scroll of fog {unknown}
Potions
 g - a potion of flight
 m - 4 potions of lignification {!q}
 o - a potion of curing
 p - 2 potions of ambrosia
 r - 2 potions of might
 t - 2 potions of haste
 w - 2 potions of invisibility
 D - 2 potions of mutation {!q}
 K - 3 potions of agility
 N - a potion of resistance
 Q - 2 potions of brilliance
 R - a potion of magic {unknown}
 T - a potion of heal wounds
 U - a potion of berserk rage {!q}
Books
 z - a Young Poisoner's Handbook

   Spells                             Type                      Level
   a - Sting                          Conjuration/Poison           1
   b - Poisonous Vapours              Poison/Air                   2
   c - Mephitic Cloud                 Conjuration/Poison/Air       3
   d - Olgreb's Toxic Radiance        Poison                       4
   e - Venom Bolt                     Conjuration/Poison           5
 H - a book of Geomancy

   Spells                             Type                      Level
   a - Sandblast                      Earth                        1
   b - Passwall                       Transmutation/Earth          2
   c - Stone Arrow                    Conjuration/Earth            3
   d - Petrify                        Transmutation/Earth          4
   e - Lee's Rapid Deconstruction     Earth                        5
 M - the Papyrus of Transmigration

   Spells                             Type                      Level
   a - Beastly Appendage              Transmutation                1
   b - Ignite Poison                  Fire/Transmutation/Poison    3
Comestibles
 f - 3 bread rations
 h - 3 fruits
 k - 4 meat rations
 A - 4 royal jellies


   Skills:
 + Level 7.5 Fighting
 * Level 9.1 Crossbows
 + Level 7.1 Armour
 - Level 4.4 Shields
   Level 2.4 Earth Magic
   Level 4.0 Poison Magic
 + Level 4.0 Invocations
 - Level 1.1 Evocations


You had 9 spell levels left.
You didn't know any spells.

Dungeon Overview and Level Annotations

Branches:
Dungeon (9/15)             Temple (1/1) D:6
   Lair: D:8-11         Orc: D:9-12

Altars:
Ashenzari
Dithmenos
Elyvilon
Fedhas
Gozag
Kikubaaqudgha
Nemelex Xobeh
Okawaru
Qazlal
Ru
Sif Muna
Uskayaw
Xom
Yredelemnul
Zin
The Shining One
Lugonu

Shops:
D:8 !

Annotations:
D:5 mopl's ghost, novice FoWn
D:9 Chisa's ghost, novice MfGl


Innate Abilities, Weirdness & Mutations

You cannot be hasted, slowed, berserked, paralysed or teleported.
You can dig through walls and to a lower floor.
Your four strong arms can wield two-handed weapons with a shield.
You have a pair of large antennae on your head. (SInv)


Message History

Press: ? - help, Shift-Dir - straight line, f/p - orc warrior
Aim: an orc warrior, wielding a battleaxe and wearing a plate armour (moderately wounded)
You shoot an arrow. The arrow hits the orc warrior.
The orc warrior is heavily wounded.
You hear a shout!
The orc priest calls upon Beogh to heal the orc wizard.
The orc wizard is healed somewhat.
The orc wizard gestures wildly while chanting.
The orc wizard blinks!
The orc warrior hits you with a battleaxe!!
* * * LOW HITPOINT WARNING * * *
You hear a shout!
A crimson imp comes into view.
Firing (i - inventory. (,) - cycle):
d - 52 arrows (quivered)
Press: ? - help, Shift-Dir - straight line, f/p - orc warrior
Aim: an orc warrior, wielding a battleaxe and wearing a plate armour (heavily wounded)
You shoot an arrow. The arrow hits the orc warrior.
The orc warrior is heavily wounded.
The orc warrior hits you with a battleaxe!!
You die...

##.###### ######.#.....#.
........# #...........†[.
#######.# #.##.#.##.##.##
#######.# #.##.#.#.....#
........# #.##.#.#####.#
#######.###########.##.#.#
#.#
W........>.[))÷.....##.#.#
#.#
################.#####.#.#
#.# #@# ##### ### #o# #o#{
#o5..({.. #.o...{.o
##(...... #...#.( #.## .
##


You could see an orc warrior, an orc priest, a crimson imp and 2 orcs.

Vanquished Creatures
  Sigmund (D:2)
  A hungry ghost (D:7)
  A water moccasin (D:6)
  A sky beast (D:6)
  2 black bears
  3 phantoms
  A necrophage (D:9)
  An orc warrior (D:9)
  The ghost of LaGlobule the Skirmisher, an amateur DsCK of Xom (D:3)
  2 ogres
  3 centaurs
  3 bullfrogs
  2 scorpions
  3 crimson imps
  4 jellies
  3 orc priests
  2 hounds
  A bullfrog skeleton (D:9)
  An iron imp (D:7)
  Jessica (D:2)
  3 iguanas
  9 orc wizards
  10 worker ants
  Terence (D:2)
  A hound zombie (D:5)
  A hound skeleton (D:7)
  A worker ant zombie (D:5)
  Robin (D:2)
  11 gnolls
  15 adders
  An ooze (D:1)
  2 adder zombies
  An adder skeleton (D:7)
  2 worms
  3 dart slugs
  5 leopard geckos
  30 orcs
  3 ball pythons
  8 bats
  3 giant cockroaches
  14 goblins
  8 hobgoblins
  19 jackals
  5 kobolds
  6 quokkas
  9 frilled lizards
  A goblin skeleton (D:7)
  2 goblin zombies (D:7)
  3 jackal skeletons
  A kobold skeleton (D:7)
  2 orc skeletons (D:7)
  2 orc zombies (D:7)
  A quokka skeleton (D:5)
  5 rats
  A fungus (D:1)
227 creatures vanquished.

Notes
Turn   | Place    | Note
-------+----------+-------------------------------------------
     0 | D:1      | mopl the Formicid Wanderer began the quest for the Orb.
     0 | D:1      | mopl set off with: a Young Poisoner's Handbook, the Papyrus of Transmigration, a +0 hand crossbow, 25 bolts, a +0 robe, a bread ration
     0 | D:1      | Reached XP level 1. HP: 15/15 MP: 1/1
     1 | D:1      | Identified the Papyrus of Transmigration
    75 | D:1      | Reached skill level 1 in Armour
    75 | D:1      | Reached XP level 2. HP: 22/22 MP: 2/2
    95 | D:1      | Reached skill level 2 in Fighting
   287 | D:1      | Reached XP level 3. HP: 27/27 MP: 3/3
   518 | D:2      | Reached skill level 2 in Armour
   529 | D:2      | Noticed Jessica
   530 | D:2      | Killed Jessica
   530 | D:2      | Reached XP level 4. HP: 34/34 MP: 4/4
   592 | D:2      | Found an opulent altar of Gozag.
   593 | D:2      | Noticed Robin
   645 | D:2      | Killed Robin
   660 | D:2      | Reached XP level 5. HP: 10/40 MP: 5/5
   664 | D:2      | Reached skill level 3 in Crossbows
   915 | D:2      | Noticed Sigmund
   939 | D:2      | Killed Sigmund
   939 | D:2      | Reached skill level 3 in Fighting
   939 | D:2      | Reached skill level 4 in Crossbows
   939 | D:2      | Reached skill level 3 in Armour
   939 | D:2      | Reached XP level 6. HP: 9/47 MP: 6/6
  1203 | D:2      | Found a glowing silver altar of Zin.
  1650 | D:2      | Noticed Terence
  1656 | D:2      | Killed Terence
  1786 | D:3      | Noticed a phantom
  1819 | D:3      | Killed a phantom
  1819 | D:3      | Reached skill level 4 in Fighting
  1819 | D:3      | Reached skill level 4 in Armour
  1819 | D:3      | Reached XP level 7. HP: 18/54 MP: 7/7
  2089 | D:3      | Noticed LaGlobule's ghost (amateur DsCK)
  2092 | D:3      | Reached skill level 5 in Crossbows
  2102 | D:3      | Killed LaGlobule's ghost
  2487 | D:3      | Reached skill level 2 in Shields
  2618 | D:4      | Reached XP level 8. HP: 60/61 MP: 8/8
  2826 | D:4      | Found a white marble altar of Elyvilon.
  2831 | D:4      | Found a basalt altar of Yredelemnul.
  2900 | D:4      | Found a sacrificial altar of Ru.
  2902 | D:4      | Found an ancient bone altar of Kikubaaqudgha.
  2929 | D:4      | Found a shadowy altar of Dithmenos.
  2987 | D:4      | Reached skill level 6 in Crossbows
  3270 | D:4      | Reached skill level 5 in Armour
  3360 | D:5      | Entered Level 5 of the Dungeon
  3398 | D:5      | Reached skill level 5 in Fighting
  3398 | D:5      | Reached skill level 3 in Shields
  4809 | D:6      | Reached XP level 9. HP: 67/69 MP: 9/9
  4813 | D:6      | Found a sparkling altar of Nemelex Xobeh.
  4876 | D:6      | Reached skill level 4 in Shields
  4923 | D:6      | Reached skill level 7 in Crossbows
  4975 | D:6      | Found a staircase to the Ecumenical Temple.
  4987 | D:6      | Reached skill level 6 in Fighting
  5000 | Temple   | Entered the Ecumenical Temple
  5055 | Temple   | Became a worshipper of Warmaster Okawaru
  5243 | D:6      | Reached skill level 6 in Armour
  5549 | D:5      | Noticed mopl's ghost (novice FoWn)
  5599 | D:5      | You fall through a shaft!
  5668 | D:6      | Reached skill level 1 in Invocations
  5939 | D:6      | Reached skill level 2 in Invocations
  6407 | D:7      | Reached skill level 8 in Crossbows
  6472 | D:7      | Found a glowing golden altar of the Shining One.
  6822 | D:7      | Reached * piety under Okawaru
  6822 | D:7      | Reached skill level 3 in Invocations
  6834 | D:7      | Reached skill level 7 in Fighting
  6837 | D:7      | Reached XP level 10. HP: 56/79 MP: 12/12
  7234 | D:8      | Found Edwum's Distillery.
  7250 | D:8      | Bought a potion of degeneration for 14 gold pieces
  7250 | D:8      | Bought a potion of heal wounds for 70 gold pieces
  7250 | D:8      | Bought a potion of berserk rage for 70 gold pieces
  7250 | D:8      | Bought a potion of agility for 56 gold pieces
  7250 | D:8      | Bought a potion of agility for 56 gold pieces
  7250 | D:8      | Bought a potion of might for 56 gold pieces
  7837 | D:8      | Reached skill level 7 in Armour
  8036 | D:9      | Reached skill level 9 in Crossbows
  8215 | D:9      | Noticed Chisa's ghost (novice MfGl)
  8301 | D:9      | Reached skill level 4 in Invocations
  8369 | D:9      | Demolished by an orc warrior

Skill      XL: |  1  2  3  4  5  6  7  8  9 10 |
---------------+-------------------------------+-----
Armour         | 1 2 3 4 5 6 7 |  7.1
Fighting       | 2 3 4 5 7 |  7.5
Crossbows      | 4 5 6 8 9 |  9.1
Shields        | 2 3 4 |  4.4
Invocations    | 3 4 |  4.0
Earth Magic    | |  2.4
Poison Magic   | |  4.0
Evocations     | |  1.1

Action                   |  1- 3 |  4- 6 |  7- 9 | 10-12 || total
-------------------------+-------+-------+-------+-------++-------
Melee: Unarmed           |    33 |       |       |       ||    33
       Hand crossbow     |       |     1 |       |       ||     1
 Fire: Hand crossbow     |    35 |   143 |       |       ||   178
       Arbalest          |       |    25 |   278 |     2 ||   305
       Shortbow          |       |       |   245 |   181 ||   426
 Abil: Dig               |     1 |     1 |     1 |       ||     3
       Shaft Self        |       |       |     1 |       ||     1
  Use: Potion            |       |     1 |     1 |       ||     2
       Scroll            |       |       |    10 |     1 ||    11
  Eat: Chunk             |       |     3 |    23 |     3 ||    29
       Fruit             |       |       |     3 |     2 ||     5
Armor: Robe              |     8 |       |       |       ||     8
       Ring mail         |     3 |    43 |       |       ||    46
       Scale mail        |       |    16 |    29 |       ||    45
       Chain mail        |       |       |   201 |    62 ||   263
Dodge: Dodged            |    13 |    87 |   131 |    33 ||   264
Block: Buckler           |       |       |    86 |    26 ||   112
